[Event "Titled Tuesday Blitz May 9 Early 2023"]
[White "Mitusov, Semen"]
[Black "Ibarra Jerez, Jose Carlos"]
[WhiteFideId "14151049"]
[BlackFideId "2226332"]
[WhiteElo "2389"]
[BlackElo "2638"]
[Result "0-1"]
[Round "09"]
[TimeControl "180+2"]
[Date "2023.05.09"]
[WhiteClock "0:00:40"]
[BlackClock "0:00:32"]

1. e4 e6 2. d4 d5 3. Nd2 c5 4. Ngf3 cxd4 5. Nxd4 Nf6 6. exd5 Nxd5 7. Bc4 Nc6 8. Nxc6 bxc6 9. O-O Bd6 10. Nf3 O-O 11. Re1 Rb8 12. Bd3 h6 13. a3 Qc7 14. c4 Nf6 15. Bc2 c5 16. Qe2 Bb7 17. h3 e5 18. Be3 e4 19. Nd2 Bh2+ 20. Kh1 Be5 21. Rab1 Rfe8 22. b4 Bd6 23. Nb3 cxb4 24. c5 Be5 25. axb4 Nd5 26. Bd2 Nc3 27. Bxc3 Bxc3 28. Rec1 Bxb4 29. Qc4 a5 30. Bd1 Rbc8 31. Bg4 Ra8 32. c6 Ba6 33. Qd4 Bd3 34. Rb2 Ba3 35. Bd7 Red8 36. Nc5 Bxb2 37. Qxb2 Rab8 38. Nb7 Rxd7 39. cxd7 Qxd7 40. Nc5 Qxh3+ 41. gxh3 Rxb2 42. Nd7 Rb1 0-1


[Site "https://www.chess.com"]

[Event "Titled Tuesday Blitz May 9 Early 2023"]
[White "Antal, Gergely"]
[Black "Sethuraman, S.P."]
[WhiteFideId "717312"]
[BlackFideId "5021596"]
[WhiteElo "2471"]
[BlackElo "2543"]
[Result "1-0"]
[Round "09"]
[TimeControl "180+2"]
[Date "2023.05.09"]
[WhiteClock "0:00:05"]
[BlackClock "0:01:11"]

1. Nc3 c5 2. e4 Nc6 3. Nf3 d6 4. g3 g6 5. Bg2 Bg7 6. O-O Rb8 7. a4 Bd7 8. d3 Nf6 9. h3 a6 10. Be3 b5 11. axb5 axb5 12. d4 b4 13. Nd5 Nxe4 14. Ng5 Nxg5 15. Bxg5 cxd4 16. Re1 Be6 17. Nf4 Ne5 18. Nxe6 fxe6 19. f4 Nf7 20. Bc6+ Kf8 21. Rxe6 Qb6 22. Bxe7+ Kg8 23. Bd5 Qc5 24. Rxd6 d3+ 25. Kg2 dxc2 26. Qe2 Rf8 27. Bxf7+ Rxf7 28. Rd8+ Rf8 29. Rxf8+ Bxf8 30. Qe6+ Kg7 31. Qf6+ Kh6 32. Bxc5 Bxc5 33. Qg5+ Kg7 34. Qxc5 b3 35. Ra7+ Kh6 36. Qg5# 1-0


[Site "https://www.chess.com"]

[Event "Titled Tuesday Blitz May 9 Early 2023"]
[White "Frolyanov, Dmitry"]
[Black "Visakh N R"]
[WhiteFideId "4151976"]
[BlackFideId "25012223"]
[WhiteElo "2395"]
[BlackElo "2466"]
[Result "0-1"]
[Round "09"]
[TimeControl "180+2"]
[Date "2023.05.09"]
[WhiteClock "0:00:00"]
[BlackClock "0:01:13"]

1. d4 d5 2. c4 e6 3. Nc3 Bb4 4. Nf3 Nf6 5. Qa4+ Nc6 6. e3 O-O 7. Bd2 dxc4 8. Bxc4 a6 9. Qc2 Bd6 10. a3 e5 11. dxe5 Nxe5 12. Nxe5 Bxe5 13. O-O-O Qe7 14. Rhe1 b5 15. Nd5 Nxd5 16. Bxd5 Rb8 17. f4 Bd6 18. e4 Bg4 19. e5 Bxd1 20. Rxd1 Bc5 21. f5 Rbd8 22. Bc3 Qg5+ 23. Kb1 c6 24. Bd2 Be3 25. h4 Qf4 26. g3 Qxe5 27. Bc3 Qxg3 28. Bxf7+ Kh8 29. f6 Bh6 30. fxg7+ Bxg7 31. Bxg7+ Qxg7 32. Rxd8 Rxd8 33. Be6 Qf6 34. Qxc6 a5 0-1


[Site "https://www.chess.com"]

[Event "Titled Tuesday Blitz May 9 Early 2023"]
[White "Ambartsumova, Karina"]
[Black "Gharibyan, Mamikon"]
[WhiteFideId "4166299"]
[BlackFideId "13308300"]
[WhiteElo "2240"]
[BlackElo "2445"]
[Result "0-1"]
[Round "09"]
[TimeControl "180+2"]
[Date "2023.05.09"]
[WhiteClock "0:00:07"]
[BlackClock "0:00:53"]

1. e4 c5 2. Nf3 Nc6 3. d4 cxd4 4. Nxd4 e6 5. Nc3 a6 6. Nxc6 bxc6 7. Bd3 e5 8. O-O Nf6 9. f4 Bc5+ 10. Kh1 d6 11. f5 h6 12. Na4 Bd4 13. c3 Ba7 14. Qe2 a5 15. Be3 O-O 16. Rad1 Qe7 17. Bc2 d5 18. Nb6 Bxb6 19. Bxb6 Ba6 20. Qf2 Bxf1 21. Bc5 Qb7 22. Bxf8 Rxf8 23. Rxf1 Qxb2 24. exd5 cxd5 25. Bb3 Qxc3 26. Qa7 e4 27. h3 Nh5 28. Rd1 Ng3+ 29. Kh2 Qe5 30. Rxd5 Qf4 31. Rd7 Ne2+ 32. Kh1 e3 33. Rd1 Ng3+ 34. Kg1 Qf2+ 35. Kh2 Nf1+ 36. Rxf1 Qxf1 37. Qxe3 Qxf5 38. Qg3 Qg5 39. Qc7 h5 40. a4 h4 41. Bc4 Qg3+ 42. Qxg3 hxg3+ 43. Kxg3 Rd8 44. Bb5 Rd4 45. Kf3 Kh7 46. Ke3 Rb4 47. Bd7 f6 48. Bc6 Kh6 49. Kf3 Kg5 50. g3 Rb3+ 51. Kg2 f5 52. Bd7 Kf6 53. Bc6 Ke5 54. Bd7 f4 55. gxf4+ Kxf4 56. Kf2 Rb2+ 57. Ke1 g5 58. Kd1 Rh2 59. Ke1 Kg3 60. Kf1 Rh1+ 61. Ke2 Rxh3 62. Bxh3 Kxh3 63. Kf1 Kh2 64. Kf2 g4 0-1


[Site "https://www.chess.com"]

[Event "Titled Tuesday Blitz May 9 Early 2023"]
[White "Guerra Tulcan, Lenin"]
[Black "Bacrot, Etienne"]
[WhiteFideId "3601382"]
[BlackFideId "605506"]
[WhiteElo "2368"]
[BlackElo "2672"]
[Result "0-1"]
[Round "09"]
[TimeControl "180+2"]
[Date "2023.05.09"]
[WhiteClock "0:01:12"]
[BlackClock "0:01:27"]

1. e4 c5 2. Nf3 d6 3. d4 cxd4 4. Nxd4 Nf6 5. Nc3 Nc6 6. Be2 g6 7. O-O Bg7 8. Nb3 O-O 9. Bg5 h6 10. Bh4 a5 11. a4 Be6 12. Re1 Bxb3 13. cxb3 Nd7 14. Rc1 Nc5 15. Bc4 Ne5 16. Nd5 g5 17. Bg3 Nxc4 18. Rxc4 Rc8 19. b4 axb4 20. Rxb4 e6 21. Nc3 Bxc3 22. bxc3 e5 23. h4 gxh4 24. Qg4+ Qg5 25. Qxh4 Nd3 26. Qxg5+ hxg5 27. Rd1 Nxb4 28. cxb4 Kg7 29. f3 Rfd8 30. Rxd6 Rxd6 31. Bxe5+ Rf6 0-1


[Site "https://www.chess.com"]

[Event "Titled Tuesday Blitz May 9 Early 2023"]
[White "Omranalhosani21"]
[Black "Molina, Roberto Junio Brito"]
[BlackFideId "2109450"]
[WhiteElo "2596"]
[BlackElo "2376"]
[Result "0-1"]
[Round "09"]
[TimeControl "180+2"]
[Date "2023.05.09"]
[WhiteClock "0:00:00"]
[BlackClock "0:02:02"]

1. e4 c6 2. d4 d5 3. e5 Bf5 4. h4 Qb6 5. g4 Bd7 6. Rh3 h5 7. Rb3 Qc7 8. gxh5 Bf5 9. Bd3 Bxd3 10. Rxd3 e6 11. Bf4 c5 12. dxc5 Bxc5 13. c3 Nc6 14. Qe2 Nge7 15. Nd2 Nf5 16. Nb3 Be7 17. O-O-O O-O-O 18. Kb1 Bxh4 19. Nf3 Be7 20. Nfd4 Ncxd4 21. cxd4 Kb8 22. Rc1 Qd7 23. Na5 Rc8 24. Rcc3 b6 25. Nb3 Qb5 26. a3 Rxc3 0-1


[Site "https://www.chess.com"]

[Event "Titled Tuesday Blitz May 9 Early 2023"]
[White "Csonka, Balazs"]
[Black "Yaniuk, Volodymyr"]
[WhiteFideId "742910"]
[BlackFideId "14133083"]
[WhiteElo "2404"]
[BlackElo "2141"]
[Result "0-1"]
[Round "09"]
[TimeControl "180+2"]
[Date "2023.05.09"]
[WhiteClock "0:00:01"]
[BlackClock "0:00:06"]

1. e4 e5 2. Nf3 Nc6 3. d4 exd4 4. Nxd4 Nf6 5. Nxc6 bxc6 6. e5 Qe7 7. Qe2 Nd5 8. c4 Nb6 9. Nc3 Qe6 10. Qe4 Bb4 11. Bd2 Bb7 12. Bd3 O-O-O 13. O-O c5 14. Qe2 f6 15. a3 Bxc3 16. Bxc3 f5 17. Rfe1 h5 18. b4 Na4 19. Qc2 Nxc3 20. Qxc3 h4 21. h3 Rh6 22. Be2 g5 23. Bf3 g4 24. Bxb7+ Kxb7 25. Rab1 Qc6 26. Qe3 gxh3 27. Qxh3 Rg8 28. bxc5+ Ka8 29. Kf1 Rhg6 30. Qf3 Qxf3 31. gxf3 Rg1+ 32. Ke2 Rxe1+ 33. Rxe1 Kb7 34. Rh1 Re8 35. Rxh4 Rxe5+ 36. Kd3 Rxc5 37. Rd4 Kc6 38. Kc3 Ra5 39. Kb4 Re5 40. Rf4 d6 41. a4 a5+ 42. Kc3 Kc5 43. Kb3 Kc6 44. Kc3 Kd7 45. Kd4 Ke6 46. Rh4 Re1 47. Rh7 c5+ 48. Kd3 Ra1 49. Rh6+ Kd7 50. Rf6 Ra3+ 51. Ke2 Rxa4 52. Kd3 Ra3+ 53. Ke2 Ra2+ 54. Ke3 Rc2 55. Rxf5 Rxc4 56. Rf7+ Kc6 57. f4 a4 58. f5 Rc3+ 59. Ke2 Rc2+ 60. Ke3 a3 61. Ra7 Rc3+ 62. Ke2 Rc2+ 63. Ke3 a2 64. f6 Rb2 65. f7 Rb8 66. Rxa2 Rf8 67. Ra7 Kd5 68. Kf4 Ke6 69. Ke3 Rxf7 70. Ra6 Kd5 71. f4 Re7+ 72. Kf3 Rf7 73. Kg4 c4 74. f5 c3 75. Kg5 c2 76. Ra1 Kd4 77. Kg6 Rf8 78. f6 Kc3 79. Kg7 Rb8 80. f7 d5 81. f8=Q Rxf8 82. Kxf8 d4 83. Ke7 d3 0-1


[Site "https://www.chess.com"]

[Event "Titled Tuesday Blitz May 9 Early 2023"]
[White "Wagner, Dennis"]
[Black "Girya, Olga"]
[WhiteFideId "24650684"]
[BlackFideId "4195752"]
[WhiteElo "2478"]
[BlackElo "2263"]
[Result "0-1"]
[Round "09"]
[TimeControl "180+2"]
[Date "2023.05.09"]
[WhiteClock "0:00:05"]
[BlackClock "0:00:11"]

1. d4 Nf6 2. Nf3 d5 3. c4 e6 4. g3 Be7 5. Bg2 O-O 6. O-O dxc4 7. Qa4 a6 8. Qxc4 b5 9. Qc2 Bb7 10. Bg5 Nbd7 11. Bxf6 Nxf6 12. Nbd2 Rc8 13. Nb3 c5 14. dxc5 Be4 15. Qc3 Bd5 16. Rfc1 Ne4 17. Qe3 a5 18. Ne5 Nf6 19. c6 Bxg2 20. Kxg2 a4 21. Nc5 Qd5+ 22. f3 Bd6 23. Ncd3 Rfd8 24. a3 Ne8 25. Rc3 Bxe5 26. Nxe5 f6 27. Nd3 Rxc6 28. Nb4 Rxc3 29. Qxc3 Qd2 30. Kf2 Qxc3 31. bxc3 Rc8 32. Na2 Nd6 33. Rb1 Rc5 34. Ke3 Nc4+ 35. Kd4 Rd5+ 36. Ke4 Nxa3 37. Nb4 Nxb1 38. Nxd5 exd5+ 39. Kxd5 a3 40. Kc5 a2 0-1


[Site "https://www.chess.com"]

[Event "Titled Tuesday Blitz May 9 Early 2023"]
[White "Kvaloy, Aksel Bu"]
[Black "Nikologorskiy, Konstantin"]
[WhiteFideId "1528815"]
[BlackFideId "24111708"]
[WhiteElo "2242"]
[BlackElo "2273"]
[Result "1-0"]
[Round "09"]
[TimeControl "180+2"]
[Date "2023.05.09"]
[WhiteClock "0:00:30"]
[BlackClock "0:00:00"]

1. e4 c5 2. Nf3 d6 3. d4 cxd4 4. Nxd4 Nf6 5. Nc3 a6 6. Bg5 Nbd7 7. Bc4 e6 8. Qd2 Qb6 9. Bxf6 Nxf6 10. Bb3 Be7 11. O-O-O Bd7 12. f4 O-O 13. Kb1 Qc5 14. Rhe1 Bc6 15. e5 Ne8 16. f5 dxe5 17. Nxc6 Qxc6 18. fxe6 fxe6 19. Rxe5 Nc7 20. Qd7 Qxd7 21. Rxd7 Rf1+ 22. Nd1 Rd8 23. Rxd8+ Bxd8 24. c3 Rg1 25. Re2 Kf7 26. Kc2 Bf6 27. Ne3 Rh1 28. h3 b5 29. a4 bxa4 30. Bxa4 Nd5 31. Nxd5 exd5 32. Bb3 a5 33. Bxd5+ Kf8 34. Bf3 Ra1 35. Re4 g6 36. Rc4 Kg7 37. Rc7+ Kh6 38. Ra7 a4 39. Bc6 a3 40. Rxa3 Rf1 41. Bf3 Rf2+ 42. Kb1 Kg5 43. Ra4 h5 44. Re4 Bg7 45. Rc4 Rf1+ 46. Ka2 Rf2 47. Ka3 Kh6 48. b4 g5 49. Rc6+ Kh7 50. Bxh5 Rxg2 51. Bg6+ Kg8 52. Rc7 Rg3 53. Kb3 Rxh3 54. b5 Rh6 55. Be4 g4 56. Bc6 g3 57. b6 Rxc6 58. Rxc6 Kh7 59. Rc4 1-0


[Site "https://www.chess.com"]

[Event "Titled Tuesday Blitz May 9 Early 2023"]
[White "Sousa, Andre Ventura"]
[Black "Cherniaiev, Tykhon"]
[WhiteFideId "1917617"]
[BlackFideId "14182360"]
[WhiteElo "2333"]
[BlackElo "2450"]
[Result "0-1"]
[Round "09"]
[TimeControl "180+2"]
[Date "2023.05.09"]
[WhiteClock "0:00:08"]
[BlackClock "0:00:07"]

1. e4 e5 2. Nf3 Nc6 3. Bb5 Nge7 4. O-O a6 5. Ba4 Ng6 6. c3 Be7 7. d4 exd4 8. cxd4 O-O 9. Nc3 d6 10. h3 b5 11. Bc2 Na5 12. b3 c5 13. d5 Bf6 14. Bb2 Bd7 15. Qd2 Re8 16. Rae1 b4 17. Nd1 Bb5 18. Bd3 c4 19. Bxf6 Qxf6 20. bxc4 Nxc4 21. Qxb4 Rac8 22. Ne3 Nxe3 23. Rxe3 Bxd3 24. Rxd3 Nf4 25. Re3 Qg6 26. Nh4 Qg5 27. Qxd6 Red8 28. Qxa6 Qxh4 29. Kh2 h6 30. Qb6 Rb8 31. Qc7 Ng6 32. g3 Qf6 33. e5 Qa6 34. Rb1 Rbc8 35. Qb7 Qxa2 36. Rf3 Qxd5 37. Qxd5 Rxd5 38. e6 fxe6 39. Rb7 Rf8 40. Re3 Rxf2+ 41. Kg1 Rc2 42. Re1 Ne5 43. Kh1 Nf3 44. Rb8+ Kh7 0-1


[Site "https://www.chess.com"]

[Event "Titled Tuesday Blitz May 9 Early 2023"]
[White "Skliarov, Viktor"]
[Black "Klukin, Kirill"]
[WhiteFideId "14106736"]
[BlackFideId "24199273"]
[WhiteElo "2317"]
[BlackElo "2344"]
[Result "1-0"]
[Round "09"]
[TimeControl "180+2"]
[Date "2023.05.09"]
[WhiteClock "0:00:11"]
[BlackClock "0:00:00"]

1. e4 e6 2. d4 d6 3. Nc3 g6 4. Be3 Bg7 5. Qd2 h5 6. f3 Ne7 7. O-O-O a6 8. g4 Nd7 9. Nge2 b5 10. gxh5 Rxh5 11. Ng3 Rh8 12. h4 Nf6 13. Bg5 Bb7 14. Kb1 Qd7 15. Qf4 Nh5 16. Nxh5 gxh5 17. Bh3 f6 18. Bxf6 Rf8 19. e5 O-O-O 20. Qg5 Bxf6 21. exf6 Nd5 22. Nxd5 Bxd5 23. Rde1 Kb8 24. Qxh5 Qc6 25. Qg5 Qc4 26. b3 Qxd4 27. Bxe6 Bxf3 28. Rhf1 Rxf6 29. Rxf3 Rdf8 30. Rxf6 Rxf6 31. Qg8+ Ka7 32. Bd5 Qc3 33. Qg1+ c5 34. Re7+ Kb6 35. Re6 Rf4 36. Rxd6+ Ka5 37. Qc1 Qb4 38. Bb7 Qe4 39. Qa3+ 1-0


[Site "https://www.chess.com"]

[Event "Titled Tuesday Blitz May 9 Early 2023"]
[White "Leiva, Gianmarco"]
[Black "Goffredo_Fofi"]
[WhiteFideId "3804399"]
[WhiteElo "2365"]
[BlackElo "2554"]
[Result "1-0"]
[Round "09"]
[TimeControl "180+2"]
[Date "2023.05.09"]
[WhiteClock "0:00:32"]
[BlackClock "0:00:10"]

1. d4 Nf6 2. c4 g6 3. Nc3 Bg7 4. e4 O-O 5. Nf3 d6 6. Be2 e5 7. O-O Nc6 8. d5 Ne7 9. Ne1 Nd7 10. Be3 f5 11. f3 f4 12. Bf2 g5 13. a4 a5 14. Nd3 b6 15. b4 axb4 16. Nb5 Nf6 17. a5 bxa5 18. Na7 Bd7 19. Rxa5 g4 20. fxg4 Nxe4 21. c5 Nc3 22. Qc2 Nexd5 23. Nxb4 Nxe2+ 24. Qxe2 Nxb4 25. Qc4+ d5 26. Qxb4 Bxg4 27. c6 d4 28. Nb5 Rxa5 29. Qxa5 f3 30. Qxc7 fxg2 31. Rc1 Qf6 32. Rc2 d3 33. Ra2 Be2 34. Qb6 e4 35. c7 Qe6 36. Qxe6+ 1-0


[Site "https://www.chess.com"]

[Event "Titled Tuesday Blitz May 9 Early 2023"]
[White "wqws"]
[Black "Lavrik, Dmitry"]
[BlackFideId "24113190"]
[WhiteElo "2556"]
[BlackElo "2345"]
[Result "1-0"]
[Round "09"]
[TimeControl "180+2"]
[Date "2023.05.09"]
[WhiteClock "0:00:58"]
[BlackClock "0:00:00"]

1. e4 c5 2. Nf3 d6 3. d4 cxd4 4. Nxd4 Nf6 5. Nc3 Nc6 6. Bg5 e6 7. Qd2 a6 8. O-O-O h6 9. Be3 Be7 10. f3 Qc7 11. Kb1 Ne5 12. g4 b5 13. Qf2 Bb7 14. h4 Rc8 15. Bd3 b4 16. Nce2 Nfxg4 17. fxg4 Nxg4 18. Qg3 Nxe3 19. Qxe3 Bf6 20. Rdf1 Qe7 21. Nb3 Be5 22. h5 O-O 23. Rhg1 Kh8 24. Na5 Rc5 25. Nf4 Rxa5 26. Bc4 Bxf4 27. Rxf4 Rxh5 28. Rfg4 Rg8 29. Bd3 e5 30. R4g3 Bc8 31. Qb6 Be6 32. Qxb4 Rh4 33. Qb6 d5 34. exd5 Bxd5 35. Rxg7 1-0


[Site "https://www.chess.com"]

[Event "Titled Tuesday Blitz May 9 Early 2023"]
[White "Kucuksari, Kaan"]
[Black "Horak, Martin"]
[WhiteFideId "6380166"]
[BlackFideId "367095"]
[WhiteElo "2364"]
[BlackElo "2091"]
[Result "1-0"]
[Round "09"]
[TimeControl "180+2"]
[Date "2023.05.09"]
[WhiteClock "0:01:15"]
[BlackClock "0:00:04"]

1. e4 c5 2. Nf3 a6 3. c4 Nc6 4. d4 cxd4 5. Nxd4 e5 6. Nf5 d5 7. cxd5 Bxf5 8. exf5 Nd4 9. Nc3 Nf6 10. Bd3 Be7 11. O-O O-O 12. Be3 Nxd5 13. Bxd4 exd4 14. Nxd5 Qxd5 15. Re1 Rfe8 16. Be4 Qd7 17. Qb3 Rab8 18. Re2 Bf6 19. Rae1 Re7 20. g3 Rbe8 21. Kg2 b5 22. h4 h6 23. Qf3 Qd6 24. Kh3 a5 25. g4 b4 26. Rg1 d3 27. Bxd3 Rxe2 28. Bxe2 Bxb2 29. g5 hxg5 30. hxg5 Qd4 31. f6 Re4 32. Rd1 Qe5 33. Rd8+ Kh7 34. Qh5# 1-0


[Site "https://www.chess.com"]

[Event "Titled Tuesday Blitz May 9 Early 2023"]
[White "Matinian, Nikita"]
[Black "Korelskiy, Egor"]
[WhiteFideId "24129100"]
[BlackFideId "34329064"]
[WhiteElo "2422"]
[BlackElo "2156"]
[Result "1-0"]
[Round "09"]
[TimeControl "180+2"]
[Date "2023.05.09"]
[WhiteClock "0:01:06"]
[BlackClock "0:02:02"]

1. e4 c5 2. Nf3 e6 3. d4 cxd4 4. Nxd4 a6 5. Nc3 Qc7 6. Bd3 Nf6 7. O-O Be7 8. Qe2 d6 9. f4 Nbd7 10. Bd2 O-O 11. Rae1 Rd8 12. Kh1 b5 13. e5 Ne8 14. Qe4 g6 15. f5 Bb7 16. fxe6 Bxe4 17. exf7+ Kh8 18. Bxe4 Ng7 19. Nd5 Qb8 20. Nxe7 Nxe5 21. Ndc6 Qc7 22. Ba5 Qd7 23. Bxd8 Nxf7 24. Rxf7 Qe8 25. Ref1 Ne6 26. Ba5 Nc5 27. Bc3# 1-0


[Site "https://www.chess.com"]

[Event "Titled Tuesday Blitz May 9 Early 2023"]
[White "Volkov, Maksim"]
[Black "WindWhistler11"]
[WhiteFideId "54123070"]
[WhiteElo "2297"]
[BlackElo "2498"]
[Result "1-0"]
[Round "09"]
[TimeControl "180+2"]
[Date "2023.05.09"]
[WhiteClock "0:00:07"]
[BlackClock "0:00:04"]

1. d4 Nf6 2. c4 e6 3. g3 c5 4. d5 exd5 5. cxd5 Bd6 6. Nc3 O-O 7. Nf3 Re8 8. Bg2 Bf8 9. O-O d6 10. Bf4 a6 11. a4 Nh5 12. Bd2 Nd7 13. e4 Rb8 14. Re1 b5 15. axb5 axb5 16. b4 Nhf6 17. Qc2 cxb4 18. Na2 b3 19. Qxb3 Nc5 20. Qc2 Rxe4 21. Nb4 Qe8 22. Nh4 Re2 23. Nc6 Rb6 24. Bf3 Rxe1+ 25. Rxe1 Qd7 26. Bb4 g6 27. Qc3 Ng4 28. Qd4 Ne5 29. Nxe5 dxe5 30. Rxe5 Ra6 31. Re1 Nb3 32. Qc3 Bxb4 33. Qxb4 Na5 34. Ng2 Nc4 35. Nf4 Nd6 36. Qc5 Qd8 37. h3 Bf5 38. Kg2 Qb6 39. Qb4 Ra4 40. Qc3 Rxf4 41. gxf4 b4 42. Qf6 h5 43. Re8+ Nxe8 44. Qxb6 Ng7 45. Qxb4 Kh7 46. d6 Ne6 47. Bd5 Nd8 48. Qb8 Ne6 49. Bxe6 Bxe6 50. Qc7 Kg7 51. d7 Bxd7 52. Qxd7 1-0


[Site "https://www.chess.com"]

[Event "Titled Tuesday Blitz May 9 Early 2023"]
[White "Ljukin, Sergei"]
[Black "Martinez Ramirez, Lennis"]
[WhiteFideId "14102200"]
[BlackFideId "3509079"]
[WhiteElo "2312"]
[BlackElo "2410"]
[Result "0-1"]
[Round "09"]
[TimeControl "180+2"]
[Date "2023.05.09"]
[WhiteClock "0:00:00"]
[BlackClock "0:00:11"]

1. e4 c5 2. Nf3 Nc6 3. d4 cxd4 4. Nxd4 Nf6 5. Nc3 e5 6. Ndb5 d6 7. Nd5 Nxd5 8. exd5 Nb8 9. a4 Be7 10. Be2 O-O 11. O-O Nd7 12. f4 a6 13. Na3 b6 14. Nc4 Bb7 15. Be3 e4 16. Bg4 f5 17. Be2 Rc8 18. c3 Qc7 19. a5 b5 20. Nb6 Nxb6 21. axb6 Qd8 22. Qd2 g6 23. Ra5 Rc5 24. Bxc5 dxc5 25. c4 Qxb6 26. Raa1 b4 27. g4 Bf6 28. gxf5 gxf5 29. Kh1 Bd4 30. Rg1+ Kh8 31. Rg5 Qf6 32. Rb1 b3 33. Rg3 Qb6 34. Qd1 e3 35. Qd3 a5 36. Rbg1 Bc8 37. Rh3 a4 38. Bh5 Qh6 0-1


[Site "https://www.chess.com"]

[Event "Titled Tuesday Blitz May 9 Early 2023"]
[White "bubeliang"]
[Black "Pinto, Daniel"]
[BlackFideId "3303144"]
[WhiteElo "2651"]
[BlackElo "2145"]
[Result "1/2-1/2"]
[Round "09"]
[TimeControl "180+2"]
[Date "2023.05.09"]
[WhiteClock "0:00:42"]
[BlackClock "0:00:15"]

1. e4 c6 2. c4 d5 3. cxd5 cxd5 4. exd5 Nf6 5. Nc3 Nxd5 6. Nf3 Nc6 7. d4 e6 8. Bd3 Be7 9. O-O O-O 10. a3 b6 11. Re1 Bb7 12. Bb1 Bf6 13. Qd3 g6 14. Bh6 Re8 15. Nxd5 Qxd5 16. Ba2 Qh5 17. Bf4 Rad8 18. d5 exd5 19. Rxe8+ Rxe8 20. Qxd5 Qxd5 21. Bxd5 Na5 22. Bxb7 Nxb7 23. Rb1 Nc5 24. Be3 Na4 25. Bd4 Kg7 26. Kf1 Rc8 27. b3 Nc5 28. Rc1 Bxd4 29. Nxd4 Rd8 30. Rc4 Ne4 31. Nf3 Nd2+ 32. Nxd2 Rxd2 33. Rc7 Rd3 34. Rxa7 Rxb3 35. g3 h5 36. h4 b5 37. Kg2 b4 38. axb4 Rxb4 39. Ra3 Rb6 40. Rc3 Re6 41. Rd3 Rf6 42. Rf3 Re6 43. Rb3 Rf6 44. Rf3 Re6 45. Rf4 Rd6 46. Kf3 Rc6 47. Re4 Ra6 48. Re2 Ra3+ 49. Re3 Ra4 50. Kg2 Ra2 51. Rd3 Ra6 52. Rd4 Ra5 53. Rd6 Ra4 54. Rd3 Ra5 55. Kf3 Ra4 56. Re3 Ra5 57. Ke4 Ra4+ 58. Kd3 Ra3+ 59. Ke2 Ra2+ 60. Kf1 1/2-1/2


[Site "https://www.chess.com"]

[Event "Titled Tuesday Blitz May 9 Early 2023"]
[White "Manukyan, Sargis A."]
[Black "Kohler, Aran"]
[WhiteFideId "13303970"]
[BlackFideId "1002856"]
[WhiteElo "2187"]
[BlackElo "2387"]
[Result "1-0"]
[Round "09"]
[TimeControl "180+2"]
[Date "2023.05.09"]
[WhiteClock "0:02:00"]
[BlackClock "0:00:12"]

1. d4 d5 2. c4 c6 3. Nc3 Nf6 4. e3 e6 5. Nf3 Nbd7 6. Bd3 dxc4 7. Bxc4 b5 8. Bd3 Bb7 9. e4 a6 10. e5 Nd5 11. Nxd5 cxd5 12. O-O Be7 13. h4 h6 14. Bd2 O-O 15. Rc1 Bxh4 16. g3 Be7 17. Kg2 f5 18. Rh1 Rf7 19. Bxh6 gxh6 20. Rxh6 Nf8 21. Qh1 Rh7 22. Rxh7 Nxh7 23. Qh6 Qe8 24. Qxe6+ Qf7 25. Bxf5 Qxe6 26. Bxe6+ Kf8 27. Bf5 Ng5 28. Nxg5 Bxg5 29. f4 Be7 30. Rc7 Rb8 31. Bg6 a5 32. f5 Bd8 33. Rh7 Kg8 34. f6 1-0


[Site "https://www.chess.com"]

[Event "Titled Tuesday Blitz May 9 Early 2023"]
[White "Manukyan, Sargis V."]
[Black "Nissinen, Niilo Man"]
[WhiteFideId "13303465"]
[BlackFideId "30950767"]
[WhiteElo "2236"]
[BlackElo "1952"]
[Result "1-0"]
[Round "09"]
[TimeControl "180+2"]
[Date "2023.05.09"]
[WhiteClock "0:00:05"]
[BlackClock "0:00:00"]

1. d4 Nf6 2. c4 g6 3. Nc3 d5 4. cxd5 Nxd5 5. e4 Nxc3 6. bxc3 Bg7 7. Nf3 c5 8. Be3 Nc6 9. Rc1 O-O 10. d5 Ne5 11. Nxe5 Bxe5 12. f4 Bg7 13. e5 Bf5 14. Bxc5 g5 15. Be3 Be4 16. c4 gxf4 17. Bxf4 f6 18. e6 f5 19. Bd3 Qa5+ 20. Ke2 Qxa2+ 21. Rc2 Qb3 22. h4 Rac8 23. Rh3 Qb4 24. Rg3 Kh8 25. h5 b5 26. Rxg7 Kxg7 27. Bg5 bxc4 28. Bxe4 fxe4 29. Qd4+ Rf6 30. h6+ Kg6 31. Bxf6 exf6 32. Qxe4+ Kxh6 33. e7 Qd6 34. Rc3 Qe5 35. Rh3+ Kg7 36. Qxe5 fxe5 37. d6 Kg6 38. d7 1-0


[Site "https://www.chess.com"]

[Event "Titled Tuesday Blitz May 9 Early 2023"]
[White "Lehtosaari, Mauri"]
[Black "Starozhilov, Leonid"]
[WhiteFideId "501999"]
[BlackFideId "14106752"]
[WhiteElo "2519"]
[BlackElo "2352"]
[Result "1/2-1/2"]
[Round "09"]
[TimeControl "180+2"]
[Date "2023.05.09"]
[WhiteClock "0:00:09"]
[BlackClock "0:00:05"]

1. d4 Nf6 2. Nf3 g6 3. Bg5 Ne4 4. Bf4 c5 5. Nbd2 Nxd2 6. Qxd2 Bg7 7. Bh6 Bxh6 8. Qxh6 Qa5+ 9. c3 cxd4 10. Qg7 Rf8 11. Nxd4 Nc6 12. e3 h5 13. Bc4 Qe5 14. Qxe5 Nxe5 15. Be2 d6 16. O-O Bd7 17. Rfd1 O-O-O 18. Bb5 a6 19. Bxd7+ Kxd7 20. h3 Rc8 21. Kf1 Rc5 22. Rab1 Rfc8 23. Ke2 b5 24. Nf3 Nc4 25. Nd2 Nxd2 26. Rxd2 a5 27. Rbd1 R8c6 28. a3 e6 29. f3 f5 30. Rd4 Ke7 31. h4 d5 32. g3 Rc4 33. R4d2 b4 34. cxb4 axb4 35. a4 b3 36. Rd3 Rxa4 37. Rxb3 Kf6 38. Rb8 Ra2 39. Rd2 Rc1 40. f4 Rg1 41. Kf2 Raa1 42. Rf8+ Ke7 43. Rb8 Raf1+ 44. Ke2 Rg2+ 45. Kxf1 Rxd2 46. Rb6 Kd7 47. Rb7+ Kd6 48. Rg7 Rxb2 49. Rxg6 d4 50. exd4 Kd5 51. Rh6 Ra2 52. Kg1 Ke4 53. Rxe6+ Kf3 54. Re5 Ra1+ 55. Kh2 Ra2+ 56. Kh3 Ra1 57. Kh2 Ra2+ 58. Kh3 Ra1 59. Kh2 1/2-1/2


[Site "https://www.chess.com"]

[Event "Titled Tuesday Blitz May 9 Early 2023"]
[White "Aldokhin, Ivan"]
[Black "Jaskolka, Tomasz"]
[WhiteFideId "24115720"]
[BlackFideId "1170791"]
[WhiteElo "2322"]
[BlackElo "2155"]
[Result "0-1"]
[Round "09"]
[TimeControl "180+2"]
[Date "2023.05.09"]
[WhiteClock "0:00:13"]
[BlackClock "0:01:06"]

1. e4 e6 2. d4 d5 3. Nc3 Bb4 4. Qd3 dxe4 5. Qxe4 Nf6 6. Qh4 Bd7 7. Nf3 Bc6 8. Be2 Ne4 9. Qxd8+ Kxd8 10. Bd2 Nxd2 11. Kxd2 Nd7 12. a3 Bd6 13. Ng5 Bf4+ 14. Kd3 Bxg5 15. f4 Bxf4 16. Rhf1 Bg5 17. Rxf7 Bf6 18. Rf1 Rf8 19. Rxf8+ Nxf8 20. g4 h6 21. h4 Ke7 22. Ne4 Bxe4+ 23. Kxe4 Bxh4 24. c3 Bf6 25. a4 Nh7 26. a5 Ng5+ 27. Kd3 a6 28. Rb1 b6 29. Ra1 b5 30. Bf1 Rd8 31. Bg2 c5 32. Bb7 cxd4 33. c4 bxc4+ 34. Kxc4 d3 35. Bxa6 d2 36. Rd1 Ne4 37. Bb7 Nf2 38. Rxd2 Rxd2 39. b4 Rd4+ 40. Kb5 Nd3 41. a6 Rxb4+ 42. Ka5 Bc3 43. a7 Rxb7+ 44. Ka6 Rxa7+ 45. Kxa7 Ne5 0-1


[Site "https://www.chess.com"]

[Event "Titled Tuesday Blitz May 9 Early 2023"]
[White "Namitbir Singh Walia"]
[Black "Tasev, Dejan"]
[WhiteFideId "35071068"]
[BlackFideId "936618"]
[WhiteElo "2239"]
[BlackElo "2244"]
[Result "0-1"]
[Round "09"]
[TimeControl "180+2"]
[Date "2023.05.09"]
[WhiteClock "0:00:00"]
[BlackClock "0:00:19"]

1. e4 e5 2. Nf3 Nc6 3. Bc4 Nf6 4. O-O Be7 5. Re1 O-O 6. d4 d6 7. h3 exd4 8. Nxd4 Bd7 9. Nc3 Nxd4 10. Qxd4 Bc6 11. Bg5 h6 12. Bh4 a6 13. a4 Re8 14. Rad1 Nd7 15. Bxe7 Qxe7 16. Bd5 Qf6 17. Qxf6 Nxf6 18. Bxc6 bxc6 19. f3 a5 20. Kf2 Rab8 21. b3 Rb4 22. Rd3 Nd7 23. f4 Nc5 24. Rde3 Rd4 25. g3 f6 26. Kf3 Kf7 27. g4 g5 28. fxg5 fxg5 29. e5 Rf4+ 30. Kg3 d5 31. Rf3 Rxf3+ 32. Kxf3 Ke6 33. Ke3 Rf8 34. Kd4 Nd7 35. Ne2 Rf3 36. b4 axb4 0-1


[Site "https://www.chess.com"]